 Dungeon Crawl Stone Soup version 0.23.2-33-g5129a83184 (webtiles) character file.

Game seed: 8821678300261713509

4104 H0rd4k the Slicer (level 10, -7/76 HPs)
             Began as a Human Artificer on Aug 1, 2019.
             Was an Initiate of Gozag.
             Mangled by a yak (14 damage)
             ... on level 10 of the Dungeon.
             The game lasted 00:19:30 (10859 turns).

H0rd4k the Slicer (Human Artificer)                Turns: 10859, Time: 00:19:31

Health: -7/76      AC:  4    Str: 15    XL:     10   Next: 50%
Magic:  13/13      EV: 19    Int: 11    God:    Gozag
Gold:   1165       SH:  0    Dex: 15    Spells: 9/9 levels left

rFire    . . .     SeeInvis .   y - +4 short sword (venom)
rCold    + . .     Gourm    .   (no shield)
rNeg     + . .     Faith    .   u - +1 robe {rC+}
rPois    .         Spirit   .   (no helmet)
rElec    .         Reflect  .   (no cloak)
rCorr    .         Harm     .   v - +0 pair of gloves
MR       .....                  (no boots)
Stlth    +++.......             (no amulet)
HPRegen  0.22/turn              k - +3 ring of evasion
MPRegen  0.13/turn              p - ring of positive energy

@: gold aura, lightly drained
A: no striking features
a: Potion Petition, Call Merchant, Bribe Branch, Renounce Religion


You were on level 10 of the Dungeon.
You worshipped Gozag.
Gozag was most pleased with you.
You were hungry.

You visited 2 branches of the dungeon, and saw 11 of its levels.

You collected 1204 gold pieces.
You paid 39 gold pieces to Gozag.

Inventory:

Hand Weapons
 y - a +4 short sword of venom (weapon)
Missiles
 a - 7 javelins (quivered)
Armour
 b - a +0 leather armour
 u - a +1 robe of cold resistance (worn)
 v - a +0 pair of gloves (worn)
Magical Staves
 e - an uncursed staff of cold
Jewellery
 g - an uncursed ring of ice
 k - a +3 ring of evasion (left hand)
 m - an uncursed ring of protection from fire
 p - a ring of positive energy (right hand)
Wands
 c - a wand of flame (38)
 d - a wand of enslavement (13)
Scrolls
 h - 3 scrolls of teleportation
 j - a scroll of amnesia
 r - 2 scrolls of blinking
 s - a scroll of fog
 t - 3 scrolls of remove curse
 x - a scroll of acquirement {unknown}
 B - 3 scrolls of identify
 C - a scroll of summoning {unknown}
Potions
 i - 4 potions of curing
 l - a potion of flight
 n - a potion of magic
 o - 5 potions of haste
 q - 2 potions of heal wounds
 w - a potion of ambrosia
 z - a potion of berserk rage
 A - 2 potions of might {unknown}
Comestibles
 f - 5 rations


   Skills:
 + Level 5.7(5.4) Fighting
 + Level 9.2(8.9) Short Blades
 + Level 1.2(1.0) Armour
 + Level 6.9(6.6) Dodging
 + Level 6.2(5.9) Stealth
 + Level 5.1(4.8) Evocations


You had 9 spell levels left.
You didn't know any spells.
Your spell library contained the following spells:

 Spells                   Type           Power        Failure   Level  Hunger
 Beastly Appendage        Tmut           #.....       34%         1    ##.....
 Corona                   Hex            #......      34%         1    ##.....
 Summon Small Mammal      Summ           #...         34%         1    ##.....
 Call Imp                 Summ           #.......     47%         2    ###....
 Ensorcelled Hibernation  Hex/Ice        #.....       47%         2    ###....
 Sticks to Snakes         Tmut           #.......     47%         2    ###....
 Call Canine Familiar     Summ           #.......     71%         3    ####...
 Confuse                  Hex            #.......     71%         3    ####...
 Dazzling Spray           Conj/Hex       #.....       71%         3    ####...
 Spider Form              Tmut/Pois      #.........   71%         3    ####...
 Summon Guardian Golem    Hex/Summ       #.......     71%         3    ####...
 Tukima's Dance           Hex            #.......     71%         3    ####...
 Ice Form                 Ice/Tmut       #.......     98%         4    #####..
 Summon Ice Beast         Ice/Summ       #.......     98%         4    #####..
 Summon Lightning Spire   Summ/Air       #.......     98%         4    #####..
 Blade Hands              Tmut           #.........   100%        5    ######.


Dungeon Overview and Level Annotations

Branches:
Dungeon (10/15)            Temple (1/1) D:4
   Lair: D:8-11         Orc: D:9-12

Altars:
Ashenzari
Cheibriados
Dithmenos
Elyvilon
Fedhas
Gozag
Hepliaklqana
Kikubaaqudgha
Makhleb
Nemelex Xobeh
Okawaru
Qazlal
Ru
Sif Muna
Trog
Uskayaw
Vehumet
Wu Jian
Yredelemnul
Zin
The Shining One
Beogh

Shops:
D:9 =

Annotations:
D:5 exclusions: downstairs and phantom
D:7 1 runed translucent door, exclusion: 2 downstairs, ciphuk's ghost, novice GnVM
D:8 Harold; Psyche
D:9 3 runed translucent doors, exclusion: 2 downstairs, Thargor's ghost, novice GnWn


Message History

The yak gores you!
You hit the yak.
The yak looks as sick as possible!
The yak is moderately wounded.
The yak barely misses you.
You closely miss the yak.
The yak is moderately wounded.
You hit the yak.
The yak is heavily wounded.
The yak gores you!
You hit the yak.
The yak looks as sick as possible!
The yak is severely wounded.
The yak gores you!
* * * LOW HITPOINT WARNING * * *
You hit the yak.
The yak is severely wounded.
You hit the yak.
The yak is almost dead.
The yak gores you!
You die...
Your body crumbles into a pile of gold.

#..... #....[
############################.....
.........<.[..[..)...............
............)...@$...............
.................Y.............Y.
############################.[...
#...y. #....) #..... #.....
#..... #.....


You could see a yak.

Vanquished Creatures
  A troll (D:9)
  2 hippogriffs
  A spriggan (D:7)
  A wyvern (D:9)
  3 yaks
  A water moccasin (D:9)
  4 orc warriors
  A black bear (D:7)
  A phantom (D:9)
  An ogre (D:9)
  2 centaurs
  Blork the orc (D:5)
  A wyvern zombie (D:8)
  2 bullfrogs
  3 scorpions
  A water moccasin skeleton (D:4)
  8 wights
  4 howler monkeys (D:9)
  3 crimson imps
  2 jellies
  A centaur skeleton (D:6)
  5 orc priests
  2 bullfrog skeletons
  4 hounds
  6 iguanas
  6 orc wizards
  A hound skeleton (D:9)
  3 gnolls (D:9)
  8 adders
  A shadow imp (D:8)
  2 adder skeletons
  3 worms
  A dart slug (D:2)
  4 leopard geckos
  23 orcs
  5 giant cockroaches
  6 goblins
  3 hobgoblins
  9 jackals
  2 quokkas (D:6)
  4 bats
  3 frilled lizards
  2 jackal skeletons
  4 kobolds
  A leopard gecko zombie (D:6)
  A quokka zombie (D:6)
  7 rats
160 creatures vanquished.

Vanquished Creatures (others)
  An orc (D:7)
1 creature vanquished.

Grand Total: 161 creatures vanquished

Notes
Turn   | Place    | Note
-------+----------+-------------------------------------------
     0 | D:1      | H0rd4k the Human Artificer began the quest for the Orb.
     0 | D:1      | Reached XP level 1. HP: 15/15 MP: 3/3
   157 | D:1      | Reached XP level 2. HP: 6/21 MP: 4/4
   885 | D:2      | Reached XP level 3. HP: 20/26 MP: 5/5
  1489 | D:2      | Reached skill level 2 in Short Blades
  1489 | D:2      | Reached XP level 4. HP: 29/33 MP: 6/6
  1827 | D:3      | Reached skill level 1 in Armour
  2501 | D:4      | Found a staircase to the Ecumenical Temple.
  2508 | Temple   | Entered the Ecumenical Temple
  2543 | Temple   | Became a worshipper of Gozag Ym Sagoz the Greedy
  2672 | D:4      | Reached XP level 5. HP: 19/38 MP: 7/7
  3574 | D:5      | Entered Level 5 of the Dungeon
  3632 | D:5      | Reached skill level 3 in Short Blades
  3651 | D:5      | Noticed Blork the orc
  3668 | D:5      | Killed Blork the orc
  3668 | D:5      | Reached XP level 6. HP: 31/44 MP: 8/8
  3872 | D:5      | Reached skill level 4 in Short Blades
  3893 | D:5      | Noticed a phantom
  4091 | D:6      | Reached XP level 7. HP: 50/50 MP: 9/9
  4775 | D:6      | Reached skill level 5 in Short Blades
  5282 | D:7      | Reached XP level 8. HP: 26/57 MP: 11/11
  5655 | D:7      | Reached skill level 6 in Short Blades
  5680 | D:7      | Noticed a spriggan baker
  5691 | D:7      | Killed a spriggan baker
  5722 | D:7      | Found a runed translucent door.
  5789 | D:7      | Noticed ciphuk's ghost (novice GnVM)
  5904 | D:7      | Found a shadowy altar of Dithmenos.
  6091 | D:8      | Noticed Psyche
  6636 | D:6      | Reached XP level 9. HP: 58/64 MP: 12/12
  6911 | D:8      | Noticed Harold
  6954 | D:8      | Reached skill level 7 in Short Blades
  7794 | D:8      | Found a radiant altar of Vehumet.
  7813 | D:8      | Reached skill level 5 in Stealth
  7838 | D:8      | Reached skill level 5 in Dodging
  8158 | D:8      | Noticed a hippogriff
  8172 | D:8      | Killed a hippogriff
  8632 | D:9      | Noticed a hippogriff
  8648 | D:9      | Killed a hippogriff
  8815 | D:9      | Noticed a troll
  8824 | D:9      | Killed a troll
  8824 | D:9      | Reached skill level 8 in Short Blades
  8909 | D:9      | Reached skill level 5 in Fighting
  9457 | D:9      | Reached XP level 10. HP: 74/74 MP: 13/13
  9501 | D:9      | Found Moqejen's Jewellery Shoppe.
  9695 | D:9      | Found a runed translucent gate.
  9722 | D:9      | Found a runed translucent gate.
  9722 | D:9      | Found a runed translucent gate.
  9723 | D:9      | Found a roughly hewn altar of Beogh.
  9724 | D:9      | Noticed Thargor's ghost (novice GnWn)
  9853 | D:10     | Entered Level 10 of the Dungeon
  9869 | D:9      | Reached skill level 5 in Evocations
 10130 | D:9      | Reached skill level 9 in Short Blades
 10859 | D:10     | Mangled by a yak

Skill      XL: |  1  2  3  4  5  6  7  8  9 10 |
---------------+-------------------------------+-----
Short Blades   | 2 3 4 5 6 8 9 |  9.2
Armour         | 1 |  1.2
Fighting       | 2 3 5 |  5.7
Stealth        | 2 3 4 5 6 |  6.2
Dodging        | 3 4 6 |  6.9
Evocations     | 4 5 |  5.1

Action                   |  1- 3 |  4- 6 |  7- 9 | 10-12 || total
-------------------------+-------+-------+-------+-------++-------
Melee: Short sword       |   101 |   124 |   345 |   177 ||   747
Evoke: Wand              |     1 |     7 |    18 |       ||    26
  Use: Scroll            |       |     4 |    13 |     2 ||    19
       Potion            |       |       |     4 |       ||     4
 Stab: Sleeping          |     1 |     4 |     5 |     1 ||    11
       Confused          |       |     1 |       |       ||     1
       Distracted        |       |       |     2 |       ||     2
  Eat: Chunk             |     2 |     2 |       |       ||     4
       Ration            |       |     2 |     5 |     1 ||     8
Armor: Leather armour    |    26 |       |       |       ||    26
       Robe              |       |    16 |    36 |     5 ||    57
Dodge: Dodged            |    64 |    65 |   259 |   105 ||   493
